cohdb
Replays
Latest Replays
All Replays
Popular Replays
Top Player Replays
Match Explorer
How It Works
Community
CoH3 Stats
Reddit
Sign in to upload your games and track your stats! →
Sign in with Steam
Match 41185025
Unlisted
Match 41185025
Overview
Messages
Build Orders
End
Panzergrenadier Squad
Kradschützen Motorcycle Team
Panzergrenadier Squad
Construct Light Support Kompanie
Selects Panzerjäger Kommand Battlegroup
Selects Mine Fields
Selects Tank Busters
Fire Support Elements
2.5-tonne Medical Truck
Panzerjäger Mechanized Group
Selects Defensive Positions
le.IG 18 Support Gun Team
Veteran Squad Leaders
Forward Retreat Point
Selects Butterfly Bomb Drop
Butterfly Bomb Drop
Construct Panzerarmee Kommand
Panzergrenadier Squad
Selects Crew Shock Tactics
SSMNLR
[HAN]Diederick Kastner
RO635
Grimm
Frost233233
Michty Action X
Fire Chief Herrington☆
Icefire
0
0
Comments
sign in to comment!
No comments posted yet!